 Dungeon Crawl Stone Soup version 0.28.0-43-g3370ac3207 (webtiles) character file.

Game seed: 12510631177894486553

30632 pkoi the Covert (level 13, -5/55 HPs)
             Began as a Spriggan Air Elementalist on Mar 6, 2022.
             Was a Believer of Sif Muna.
             Slain by a hornet (7 damage)
             ... while paralysed by a hornet
             ... on level 5 of the Lair of Beasts.
             The game lasted 00:36:40 (30290 turns).

pkoi the Covert (Spriggan Air Elementalist)        Turns: 30290, Time: 00:36:40

Health: -5/55      AC:  4    Str:  9    XL:     13   Next: 21%
Magic:  30/37      EV:  4    Int: 27    God:    Sif Muna [**....]
Gold:   391        SH:  0    Dex: 10    Spells: 22/33 levels left

rFire   . . .      SeeInvis +   L - +7 shortbow of Sanelaj {vorpal, Str+5 Int+5 Dex-5}
rCold   . . .      Faith    .   (shield currently unavailable)
rNeg    . . .      Spirit   .   a - +0 robe
rPois   .          Reflect  .   (helmet restricted)
rElec   .          Harm     .   j - +1 cloak
rCorr   +          Rampage  .   (gloves unavailable)
Will    ++...                   (boots unavailable)
Stlth   +++++.....              (no amulet)
HPRegen 0.18/turn               g - ring of magical power
MPRegen 0.25/turn               k - ring of resist corrosion

@: paralysed, lethally poisoned (-5 -> -15), very quick
A: very small, no large weapons, unfitting armour, see invisible, speed 3
a: Renounce Religion, Channel Magic


You were on level 5 of the Lair of Beasts.
You worshipped Sif Muna.
Sif Muna was pleased with you.
You visited 3 branches of the dungeon, and saw 16 of its levels.
You also visited: Gauntlet.

You collected 774 gold pieces.
You spent 383 gold pieces at shops.

Inventory:

Hand Weapons
 w - a +2 dagger of speed
 L - the +7 shortbow of Sanelaj (weapon) {vorpal, Str+5 Int+5 Dex-5}
   (You bought it in a shop on level 5 of the Dungeon)

   Any ammunition fired from it inflicts extra damage upon your enemies.
   Str:       It affects your strength (+5).
   Int:       It affects your intelligence (+5).
   Dex:       It affects your dexterity (-5).
Missiles
 c - 5 curare-tipped darts
 m - 25 poisoned darts
 B - a throwing net
 M - 222 arrows (quivered ammo)
Armour
 a - a +0 robe (worn)
 j - a +1 cloak (worn)
Jewellery
 g - a ring of magical power (left hand)
 k - a ring of resist corrosion (right hand)
 n - a ring of fire
 x - a ring of ice
 G - an amulet of guardian spirit
Wands
 v - a wand of acid (7)
 z - a wand of charming (9)
 A - a wand of iceblast (30)
 C - a wand of flame (10)
 H - a wand of paralysis (3)
 I - a wand of digging (9)
 K - a wand of polymorph (4)
Scrolls
 b - 3 scrolls of fear
 e - a scroll of fog
 f - 2 scrolls of enchant weapon
 i - 8 scrolls of teleportation
 r - 2 scrolls of magic mapping
 s - 2 scrolls of identify
 t - 2 scrolls of blinking
 y - a scroll of holy word
 D - a scroll of enchant armour
 J - 2 scrolls of amnesia
Potions
 d - 3 potions of brilliance
 h - 3 potions of cancellation
 l - 5 potions of curing
 o - 5 potions of heal wounds
 p - a potion of ambrosia
 q - 5 potions of might
 u - a potion of haste
 N - a potion of berserk rage


   Skills:
 + Level 12.1 Dodging
 + Level 13.7 Stealth
 + Level 10.9 Spellcasting
 + Level 2.6 Conjurations
 + Level 6.8 Transmutations
 + Level 2.7 Fire Magic
 * Level 12.9 Air Magic
 - Level 3.0 Poison Magic
 + Level 3.3 Invocations
 - Level 6.0 Evocations


You had 22 spell levels left.
You knew the following spells:

 Your Spells              Type           Power      Damage    Failure   Level
a - Shock                 Conj/Air       100%       1d9       1%          1
b - Airstrike             Air            35%        N/A       1%          4
c - Mephitic Cloud        Conj/Pois/Air  48%        N/A       1%          3
d - Ignite Poison         Fire/Tmut/Pois 37%        N/A       1%          3

Your spell library contained the following spells:

 Spells                   Type           Power      Damage    Failure   Level
 Magic Dart               Conj           100%       1d8       1%          1
 Passwall                 Tmut/Erth      27%        N/A       1%          2
 Static Discharge         Conj/Air       54%        N/A       1%          2
 Swiftness                Air            71%        N/A       1%          3
 Call Imp                 Summ           14%        N/A       6%          2
 Ensorcelled Hibernation  Hex/Ice        28%        N/A       6%          2
 Ice Form                 Ice/Tmut       33%        N/A       10%         4
 Summon Guardian Golem    Hex/Summ       14%        N/A       12%         3
 Tukima's Dance           Hex            14%        N/A       12%         3
 Freezing Cloud           Conj/Ice/Air   21%        6-21      13%         5
 Hailstorm                Conj/Ice       21%        3d6       22%         4
 Anguish                  Hex/Necr       7%         N/A       36%         4
 Animate Dead             Necr           7%         N/A       36%         4
 Leda's Liquefaction      Hex/Erth       7%         N/A       36%         4
 Lee's Rapid Deconstruct  Erth           7%         3d7*      73%         5
 Statue Form              Tmut/Erth      22%        N/A       83%         6
 Simulacrum               Ice/Necr       7%         N/A       99%         6
 Enfeeble                 Hex            7%         N/A       100%        7
 Haunt                    Necr/Summ      7%         N/A       100%        7
 Orb of Destruction       Conj           14%        9d7       100%        7
 Spellforged Servitor     Conj/Summ      10%        N/A       100%        7
 Infestation              Necr           7%         N/A       100%        8


Dungeon Overview and Level Annotations

Branches:
Dungeon (9/15)             Temple (1/1) D:5            Lair (6/6) D:8
  Swamp (0/4) Lair:2       Spider (0/4) Lair:2        Slime (0/5) Lair:5
Gauntlet (visited)
    Orc: D:9-12

Altars:
Ashenzari
Cheibriados
Dithmenos
Elyvilon
Fedhas
Gozag
Kikubaaqudgha
Makhleb
Nemelex Xobeh
Okawaru
Ru
Sif Muna
Trog
Uskayaw
Wu Jian
Xom
Yredelemnul
Zin
The Shining One
Beogh
Jiyva

Shops:
D:2 ?   D:4 ?   D:5 *!   D:6 (

Annotations:
D:4 1 runed translucent door, experimilk's ghost, amateur PaFi
D:6 3 runed translucent doors, mortz's ghost, novice HuWz


Innate Abilities, Weirdness & Mutations

You are very small and have problems with some larger weapons.
You are too small for most types of armour.
You have supernaturally acute eyesight. (SInv)
You cover ground extremely quickly. (Speed+++)


Message History

You start resting.
HP restored.
You start resting.
Magic restored.
You climb downwards.
The hornet completely misses you. x2
A snapping turtle comes into view.
There is a stone staircase leading up, spattered with blood here.
Unknown command.
The air twists around and strikes the hornet!
The hornet is moderately wounded.
The hornet stings you!
* * * LOW HITPOINT WARNING * * *
You are poisoned.
You feel yourself slow down. The hornet closely misses you.
You are too injured to fight recklessly!
You are too injured to fight recklessly!
You are too injured to fight recklessly!
You feel very sick. The hornet misses you. The hornet stings you!
* * * LOW HITPOINT WARNING * * *
You feel as though you will be slow longer.
You climb upwards.
You feel very sick.
There is a stone staircase leading down here.
Aiming: Airstrike (safe; 1% risk of failure)
Press: ? - help, Q - select action, (/) - cycle Dir - move target, f - hornet
Aim: a hornet (moderately wounded, empty space bonus: 5/8)
The air twists around and strikes the hornet!
The hornet is severely wounded.
You feel sick. The hornet stings you.
* * * LOW HITPOINT WARNING * * *
You suddenly lose the ability to move!
The hornet stings you!
* * * LOW HITPOINT WARNING * * *
You are lethally poisoned!
You shrug off the repeated paralysis!
You feel yourself speed up.
* * * LOW HITPOINT WARNING * * *
You feel very sick. The hornet stings you!
You die...

# ## ### ###. ######### #.##
##...
#######..#.##.#####..###...≈
##.##...........#.#........≈≈
#P..........................≈
#.P.........@..............≈≈
##...........yP............≈≈
##.........P#..............≈≈
#..P##......#.#P#......[...≈≈
#P..........#.###........P...
#..##.....##..##.....#.......
##.###.....##.###.P.P........
#...#.....##P.#...#P.P.......
##...#....##......#..........


You could see a hornet.

Vanquished Creatures
  5 hydras
  Erolcha (D:9)
  A catoblepas (Lair:4)
  2 death yaks (Lair:4)
  Sonja (Lair:1)
  3 bog bodies (Lair:2)
  A harpy (Lair:6)
  A manticore (Lair:6)
  A black mamba (Lair:3)
  4 elephants
  6 cane toads
  A torpor snail (Lair:5)
  A rime drake (Lair:5)
  8 komodo dragons
  4 dream sheep (Lair:4)
  A polar bear (Lair:3)
  21 blink frogs
  26 yaks
  5 wyverns
  4 basilisks
  A steam dragon (D:8)
  A swamp worm (Lair:2)
  Duvessa (D:7)
  An acid dragon (D:8)
  12 water moccasins
  2 sky beasts
  3 black bears
  3 orc warriors
  2 ice beasts
  6 ogres (D:9)
  A necrophage (D:7)
  A phantom (D:5)
  3 wolves (Lair:4)
  2 centaurs
  2 kobold brigands
  A wyvern zombie (D:9)
  5 bullfrogs
  5 scorpions
  A water moccasin zombie (D:5)
  Dowan (D:7)
  4 wights
  6 killer bees (D:9)
  3 electric eels
  3 howler monkeys (D:7)
  A lava snake (Lair:1)
  A centaur zombie (D:7)
  3 jellies
  2 orc priests (D:8)
  3 centaur skeletons
  A gnoll shaman (D:8)
  5 hounds
  2 bullfrog skeletons (D:5)
  An iguana (D:5)
  7 hell rats
  8 orc wizards
  A killer bee zombie (D:8)
  11 gnolls
  A howler monkey zombie (D:8)
  9 adders
  A shadow imp (D:7)
  4 white imps
  An ufetubus (D:6)
  A dart slug (D:3)
  30 orcs
  5 endoplasms
  5 giant cockroaches
  3 goblins
  6 hobgoblins
  22 kobolds
  7 quokkas
  4 ball pythons
  A bat (D:1)
  3 frilled lizards
  4 rats
320 creatures vanquished.

Vanquished Creatures (others)
  18 fungi
  69 plants
87 creatures vanquished.

Grand Total: 407 creatures vanquished

Notes
Turn   | Place    | Note
-------+----------+-------------------------------------------
     0 | D:1      | pkoi the Spriggan Air Elementalist began the quest for the
                  | Orb.
     0 | D:1      | Reached XP level 1. HP: 9/9 MP: 5/5
   535 | D:1      | Reached XP level 2. HP: 13/13 MP: 2/6
  1715 | D:2      | Reached XP level 3. HP: 16/16 MP: 8/8
  2003 | D:2      | Found a glowing golden altar of the Shining One.
  2022 | D:2      | Reached skill level 4 in Stealth
  2163 | D:2      | Found Numim's Magic Scroll Boutique.
  2659 | D:3      | Found an iron altar of Okawaru.
  2686 | D:3      | Found a broken altar of Ashenzari.
  2725 | D:3      | Reached XP level 4. HP: 21/21 MP: 9/9
  3318 | D:3      | You fall into a shaft and drop 1 floor!
  3340 | D:4      | Reached XP level 5. HP: 22/24 MP: 9/10
  3407 | D:4      | Learned a level 4 spell: Airstrike
  3428 | D:4      | Found a runed translucent door.
  3655 | D:3      | Reached skill level 5 in Stealth
  4375 | D:4      | Reached XP level 6. HP: 25/28 MP: 11/11
  4406 | D:4      | Noticed experimilk's ghost (amateur PaFi)
  4602 | D:4      | Reached skill level 5 in Air Magic
  4815 | D:4      | Found a shadowy altar of Dithmenos.
  4896 | D:4      | Found Heamm's Magic Scroll Shop.
  5034 | D:2      | Bought a scroll of blinking for 105 gold pieces
  5034 | D:2      | Bought a scroll of teleportation for 42 gold pieces
  5086 | D:5      | Entered Level 5 of the Dungeon
  5088 | D:5      | Found a staircase to the Ecumenical Temple.
  5196 | D:4      | Reached skill level 5 in Dodging
  5196 | D:4      | Reached skill level 6 in Stealth
  5558 | Temple   | Entered the Ecumenical Temple
  6009 | D:5      | Reached XP level 7. HP: 23/32 MP: 12/12
  6158 | D:5      | Found Equni's Assorted Antiques.
  6798 | D:5      | Found Natz's Distillery.
  6806 | D:5      | Bought 2 potions of degeneration for 28 gold pieces
  7447 | D:6      | Reached XP level 8. HP: 36/36 MP: 14/14
  7570 | D:6      | Found a glowing golden altar of the Shining One.
  7570 | D:6      | Found a glowing silver altar of Zin.
  7573 | D:6      | Found a white marble altar of Elyvilon.
  7670 | D:6      | Reached skill level 7 in Stealth
  8098 | D:6      | Found Uqile's Antique Weapon Boutique.
  9019 | D:6      | Reached skill level 5 in Spellcasting
  9255 | D:6      | Found a runed translucent gate.
  9256 | D:6      | Found a runed translucent gate.
  9257 | D:6      | Found a runed translucent gate.
  9259 | D:6      | Noticed mortz's ghost (novice HuWz)
 10209 | D:7      | Reached XP level 9. HP: 39/39 MP: 19/19
 10517 | D:7      | Noticed Duvessa
 10518 | D:7      | Noticed Dowan
 10520 | D:7      | Killed Duvessa
 10522 | D:7      | Killed Dowan
 10848 | D:7      | Reached skill level 8 in Stealth
 13012 | D:8      | Reached skill level 9 in Stealth
 13528 | D:7      | Learned a level 3 spell: Mephitic Cloud
 13532 | D:7      | Learned a level 3 spell: Ignite Poison
 13550 | D:7      | Reached XP level 10. HP: 44/44 MP: 16/22
 13764 | D:8      | Reached skill level 10 in Air Magic
 14491 | D:8      | Reached skill level 10 in Stealth
 14764 | D:8      | Found a staircase to the Lair.
 16274 | Lair:1   | Entered Level 1 of the Lair of Beasts
 16692 | Lair:1   | Reached skill level 11 in Stealth
 16797 | Lair:1   | Noticed Sonja
 16800 | Lair:1   | Killed Sonja
 16877 | Lair:1   | Reached skill level 10 in Dodging
 17376 | Lair:2   | Reached XP level 11. HP: 47/47 MP: 20/24
 17471 | Lair:2   | Noticed an eight-headed hydra
 17476 | Lair:2   | Killed an eight-headed hydra
 17477 | Lair:2   | Reached skill level 1 in Transmutations
 17477 | Lair:2   | Reached skill level 1 in Evocations
 17929 | Lair:2   | Found a hole to the Spider Nest.
 17960 | Lair:2   | Noticed a five-headed hydra
 17965 | Lair:2   | Killed a five-headed hydra
 18481 | Lair:2   | Noticed a bog body
 18839 | Lair:2   | Killed a bog body
 18945 | Lair:2   | Noticed a bog body
 18949 | Lair:2   | Killed a bog body
 19118 | Lair:2   | Found a staircase to the Swamp.
 19118 | Lair:2   | Noticed a bog body
 19121 | Lair:2   | Killed a bog body
 19123 | Lair:2   | Reached skill level 12 in Stealth
 19962 | D:9      | Noticed Erolcha
 19967 | D:9      | Killed Erolcha
 20132 | D:9      | Found a shimmering blue altar of Sif Muna.
 20133 | D:9      | Found an ornate altar of the Wu Jian Council.
 20137 | D:9      | Became a worshipper of Sif Muna the Loreminder
 20566 | D:9      | Found a sparkling altar of Nemelex Xobeh.
 20932 | D:9      | Found a shimmering altar of Xom.
 21369 | D:5      | Bought an ancient shortbow for 208 gold pieces
 21369 | D:5      | Identified the +7 shortbow of Sanelaj {vorpal, Str+5 Int+5
                  | Dex-5} (You bought it in a shop on level 5 of the Dungeon)
 22695 | Lair:3   | Reached skill level 10 in Spellcasting
 22813 | Lair:3   | Reached XP level 12. HP: 51/51 MP: 27/27
 23733 | Lair:4   | Identified the +6 dagger of the Inferno {speed, rElec}
 23757 | Lair:4   | Reached skill level 5 in Transmutations
 23877 | Lair:4   | Reached skill level 1 in Conjurations
 23877 | Lair:4   | Reached skill level 5 in Evocations
 24044 | Lair:4   | Noticed a death yak
 24045 | Lair:4   | Noticed a catoblepas
 24216 | Lair:4   | Killed a catoblepas
 24217 | Lair:4   | Reached skill level 1 in Fire Magic
 24217 | Lair:4   | Reached skill level 1 in Poison Magic
 24217 | Lair:4   | Reached skill level 1 in Invocations
 24596 | Lair:4   | Killed a death yak
 25065 | Lair:4   | Reached * piety under Sif Muna
 25451 | Lair:4   | Identified the +2 dire flail of Bloodstone {vorpal, Dex+3}
 25521 | Lair:5   | Found a gate leading to a gauntlet.
 25527 | Lair:5   | Reached skill level 13 in Stealth
 25897 | Gauntlet | Entered a Gauntlet
 25897 | Gauntlet | Found a transporter.
 25897 | Gauntlet | Found a transporter.
 25897 | Gauntlet | Found a transporter.
 26045 | Gauntlet | Found a transporter.
 26048 | Gauntlet | Found a transporter.
 26056 | Gauntlet | Found a transporter.
 26059 | Gauntlet | Found a transporter.
 26071 | Gauntlet | Found a transporter.
 26076 | Gauntlet | Found a runed translucent door.
 26085 | Gauntlet | Found a transporter.
 26090 | Gauntlet | Found a transporter.
 26093 | Gauntlet | Found a transporter.
 26103 | Gauntlet | Found a transporter.
 26447 | Lair:5   | Noticed a death yak
 26560 | Lair:4   | Killed a death yak
 26879 | Lair:5   | Found a viscous altar of Jiyva.
 26879 | Lair:5   | Found a staircase to the Slime Pits.
 27182 | Lair:5   | Noticed a four-headed hydra
 27195 | Lair:5   | Killed a four-headed hydra
 27846 | Lair:5   | Noticed a seven-headed hydra
 27855 | Lair:5   | Killed a seven-headed hydra
 28252 | Lair:6   | Entered Level 6 of the Lair of Beasts
 28571 | Lair:6   | Reached XP level 13. HP: 55/55 MP: 21/28
 29665 | Lair:5   | Reached ** piety under Sif Muna
 30289 | Lair:5   | Paralysed by a hornet for 3 turns
 30290 | Lair:5   | HP: 2/55 [poisoned by a hornet]
 30290 | Lair:5   | Slain by a hornet

Illustrated notes

Levels and vault maps discovered:
D:1:      amcnicky_arrival_gap_in_the_tavern_cellar, layout_basic
D:2:      layout_loops_cross, basic_altar, serial_shops, shop_fountains
D:3:      layout_loops_corners, okawaru_gym_becter,
          nicolae_overflow_crystal_walls
D:4:      layout_rooms, nicolae_dithmenos_shadow_blocks, serial_shops,
          nicolae_square_shop, ebering_ghost_sewer_d, hangedman_feature_mirror
D:5:      layout_loops_corners, minmay_temple_entry_sparse_star, serial_shops,
          nicolae_shop_temple_entry_statues_fountains, nicolae_shop_behind_doors
D:6:      layout_layer_cave, good_gods_temple_1, serial_shops,
          nicolae_shop_overgrown_old_shop, biasface_ghost_orc_armoury
D:7:      layout_basic, dk_vineyard_1, uniq_duvessa
D:8:      layout_loops_corners, minmay_lair_entry_grove, grunt_decor_arrowhead,
          grunt_decor_cap, minmay_chambers_of_fives
D:9:      lemuel_ogre_cave, layout_long_grid, mainiacjoe_overflow_boulevard,
          nicolae_overflow_squiral, xom_butterflies, uniq_erolcha
Temple:   nicolae_temple_figure_zero
Lair:1:   layout_gridlike, uniq_sonja
Lair:2:   layout_regular_city, nicolae_swamp_entry_splash_gauntlet,
          spider_nest_entry_web_field, infiniplex_staircase_pool_2
Lair:3:   layout_cave_pods
Lair:4:   layout_regular_city, nicolae_lair_yak_garden, lemuel_fruit_fields,
          uniq_rupert
Lair:5:   layout_gridlike, dpeg_slime_entry_enclosed_altar,
          gauntlet_entry_generic, st_stairs_8
Lair:6:   gammafunk_lair_ancient_temple, layout_regular_city, grunt_megastairs_5

Skill      XL: |  1  2  3  4  5  6  7  8  9 10 11 12 13 |
---------------+----------------------------------------+-----
Dodging        | 3 4 5 6 7 8 10 11 12 | 12.1
Air Magic      | 3 4 5 6 8 9 11 12 | 12.9
Stealth        | 4 5 6 7 9 11 12 13 | 13.7
Spellcasting   | 3 6 7 8 10 | 10.9
Transmutations | 4 6 |  6.8
Evocations     | 4 6 |  6.0
Conjurations   | 2 |  2.6
Fire Magic     | 2 |  2.7
Poison Magic   | 3 |  3.0
Invocations    | 2 3 |  3.3

Action                   |  1- 3 |  4- 6 |  7- 9 | 10-12 | 13-15 || total
-------------------------+-------+-------+-------+-------+-------++-------
Melee: Whip              |     7 |       |       |       |       ||     7
       Rapier            |       |     4 |     7 |       |       ||    11
       Dagger            |       |       |       |     1 |       ||     1
 Cast: Shock             |   110 |   153 |   206 |       |       ||   469
       Airstrike         |       |       |    85 |   394 |    56 ||   535
  Use: Scroll            |       |     9 |     1 |     6 |       ||    16
       Potion            |       |       |     4 |     1 |       ||     5
 Stab: Sleeping          |       |       |     1 |       |       ||     1
Armor: Robe              |       |     5 |     8 |     1 |       ||    14
Dodge: Dodged            |    19 |    53 |    82 |    48 |    26 ||   228
